Description

PiG B2GM PvT phoenix, chargelots and disruptors.

VOD

https://www.youtube.com/watch?v=6fTWBanrzlQ&list=PLOrKQEirgvjBJrKM31yhwA8v54pcBuXsx&index=4

Build Order

Get SALT Encoding   

  14  0:18  Pylon  Wall off the reaper ledge
  16  0:40  Gateway  
  17  0:50  Assimilator  
  20  1:27  Nexus  
  20  1:37  Cybernetics Core  
  21  1:50  Assimilator  
  22  1:58  Pylon  
  26  2:15  Adept x3 (Chrono Boost)  Once first adept is finished, queue the next one. Remember to scout. Chrono the first 2 adepts
  26  2:28  Stargate  
  27  2:37  Warp Gate  
  29  2:40  Adept  
  38  3:11  Phoenix x5  Queue the units one after the other. Remember to scout and harras
  42  3:31  Pylon  In the Natural
  45  3:42  Gateway x2  
  54  4:22  Nexus  add a pylon
  65  5:03  Twilight Council, Forge  
  73  5:23  Gateway x4  
  74  5:46  Charge (Chrono Boost), Protoss Ground Weapons Level 1 (Chrono Boost)  
  78  6:30  Robotics Facility x2  Transition to Robo with Chargelots or blink Stalkers,and Disruptors. Add 3/4 gas. Build a war prism and a sentry
  105  7:50  Robotics Bay  
Spawning Tool Build Advisor. Get it on Overwolf

Go to:

Details

  • Created by: EmmettFenrirWolf
  • Published on: Feb 22, 2024
  • Modified on: Feb 22, 2024
  • Patch: 5.0.11
  • Difficulty: Easy
Show
View Real Time Build Order
Export as new Build Order

Comments (0)

There are no comments. Be the first!

Create an account to comment!